General information
- name: BNet
- type: Ladder team game (AT/RT)
- host: Battle.net
- saver: RODRIGO_BORGIA
map: Cherryville
- players: 8
- length: 24:46
- speed: Fast
- version: 1.24 W3XP
- replay type: Public
» download(113 KB)
Players
team 1 (winner)

»
officespace (
red | 28 APM | 696 actions | 24:46)
6 Demon Hunter
2 Immolation
3 Mana Burn
1 Metamorphosis
» actions
| Assign group hotkey | 28 | |
| Basic commands | 12 | |
| Build / train | 81 | |
| Enter build submenu | 18 | |
| Enter hero's abilities submenu | 6 | |
| Right click | 190 | |
| Select / deselect | 174 | |
| Select group hotkey | 152 | |
| Use ability | 35 | |
696 total
» units
| Wisp | 25 | |
| Archer | 2 | |
| Huntress | 5 | |
| Hippogryph | 15 | |
| Chimaera | 8 | |
55 total
» upgrades
| Strength of the Moon | 2 | |
| Moon Armor | 2 | |
| Sentinel | 1 | |
| Improved Bows | 1 | |
| Strength of the Wild | 3 | |
| Reinforced Hides | 3 | |
| Corrosive Breath | 1 | |
13 total
» buildings
| Moon Well | 7 | |
| Altar of Elders | 1 | |
| Ancient of War | 2 | |
| Hunter's Hall | 1 | |
| Ancient of Wonders | 1 | |
| Tree of Ages | 1 | |
| Tree of Eternity | 1 | |
| Ancient of Wind | 1 | |
| Tree of Life | 1 | |
| Chimaera Roost | 2 | |
18 total
» build order
00:05 Moon Well
00:09 Altar of Elders
01:03 Ancient of War
01:40 Moon Well
02:13 Hunter's Hall
02:37 Ancient of War
02:54 Moon Well
03:38 Ancient of Wonders
04:36 Moon Well
05:42 Tree of Ages
10:09 Tree of Eternity
10:47 Moon Well
11:36 Ancient of Wind
12:12 Tree of Life
13:37 Chimaera Roost
13:41 Chimaera Roost
14:21 Moon Well
17:28 Moon Well
» items
| Dust of Appearance | 1 | |
| Scroll of Town Portal | 2 | |
3 total

»
xes (
pink | 40 APM | 1002 actions | 24:46)
6 Priestess of the Moon
2 Searing Arrows
3 Trueshot Aura
1 Starfall
» actions
| Assign group hotkey | 36 | |
| Basic commands | 71 | |
| Build / train | 67 | |
| Enter build submenu | 32 | |
| Enter hero's abilities submenu | 6 | |
| Right click | 330 | |
| Select / deselect | 253 | |
| Select group hotkey | 159 | |
| Use ability | 48 | |
1002 total
» units
| Wisp | 22 | |
| Archer | 15 | |
| Glaive Thrower | 1 | |
| Dryad | 2 | |
| Hippogryph | 8 | |
48 total
» upgrades
| Strength of the Wild | 2 | |
| Abolish Magic | 1 | |
| Hippogryph Taming | 1 | |
| Reinforced Hides | 1 | |
5 total
» buildings
| Altar of Elders | 1 | |
| Moon Well | 12 | |
| Ancient of War | 1 | |
| Hunter's Hall | 1 | |
| Ancient of Wonders | 1 | |
| Tree of Ages | 3 | |
| Ancient Protector | 3 | |
| Ancient of Lore | 2 | |
| Tree of Eternity | 2 | |
| Ancient of Wind | 1 | |
| Tree of Life | 2 | |
29 total
» build order
00:14 Altar of Elders
00:17 Moon Well
01:03 Ancient of War
01:56 Moon Well
01:59 Moon Well
02:55 Moon Well
03:03 Moon Well
05:22 Moon Well
05:35 Moon Well
06:13 Hunter's Hall
06:27 Ancient of Wonders
06:33 Moon Well
07:11 Tree of Ages
07:17 Moon Well
07:52 Moon Well
09:50 Ancient Protector
10:59 Ancient of Lore
11:08 Ancient Protector
11:24 Tree of Eternity
11:36 Ancient of Wind
11:48 Moon Well
13:41 Tree of Life
16:22 Tree of Life
17:49 Ancient Protector
18:42 Tree of Ages
20:16 Moon Well
21:45 Tree of Ages
24:25 Tree of Eternity
24:31 Ancient of Lore
» items
| Scroll of Town Portal | 1 | |
| Potion of Healing | 1 | |
2 total
RickyRosada (
orange | 24 APM | 584 actions | 24:46)
8 Priestess of the Moon
3 Trueshot Aura
3 Searing Arrows
1 Starfall
1 Scout
» actions
| Basic commands | 34 | |
| Build / train | 82 | |
| Enter build submenu | 17 | |
| Enter hero's abilities submenu | 8 | |
| Right click | 124 | |
| Select / deselect | 276 | |
| Use ability | 43 | |
584 total
» units
| Wisp | 12 | |
| Archer | 17 | |
| Hippogryph | 12 | |
| Huntress | 18 | |
59 total
» upgrades
| Strength of the Moon | 3 | |
| Moon Armor | 3 | |
| Improved Bows | 1 | |
| Hippogryph Taming | 1 | |
| Marksmanship | 1 | |
| Upgrade Moon Glaive | 1 | |
| Ultravision | 1 | |
| Well Spring | 1 | |
12 total
» buildings
| Altar of Elders | 1 | |
| Moon Well | 8 | |
| Ancient of War | 1 | |
| Hunter's Hall | 1 | |
| Ancient Protector | 2 | |
| Tree of Ages | 1 | |
| Ancient of Wind | 2 | |
| Tree of Eternity | 1 | |
| Ancient of Wonders | 1 | |
18 total
» build order
00:09 Altar of Elders
00:13 Moon Well
01:09 Ancient of War
01:43 Moon Well
02:08 Hunter's Hall
03:17 Moon Well
03:52 Ancient Protector
03:58 Ancient Protector
05:38 Tree of Ages
05:58 Moon Well
07:19 Moon Well
08:16 Moon Well
09:13 Ancient of Wind
09:22 Ancient of Wind
10:04 Tree of Eternity
16:25 Ancient of Wonders
17:25 Moon Well
18:23 Moon Well

»
RODRIGO_BORGIA (
blue | 44 APM | 1096 actions | 24:46)
4 Warden
2 Fan of Knives
2 Blink
» actions
| Assign group hotkey | 34 | |
| Basic commands | 31 | |
| Build / train | 38 | |
| Enter build submenu | 28 | |
| Enter hero's abilities submenu | 4 | |
| Remove unit from queue | 1 | |
| Right click | 401 | |
| Select / deselect | 359 | |
| Select group hotkey | 105 | |
| Use ability | 95 | |
1096 total
» units
» upgrades
| Ultravision | 1 | |
| Nature's Blessing | 1 | |
| Strength of the Wild | 1 | |
3 total
» buildings
| Hunter's Hall | 1 | |
| Ancient Protector | 11 | |
| Altar of Elders | 2 | |
| Moon Well | 5 | |
| Ancient of Wonders | 1 | |
| Tree of Ages | 1 | |
| Ancient of Lore | 2 | |
| Tree of Eternity | 1 | |
24 total
» build order
00:16 Hunter's Hall
01:42 Ancient Protector
01:51 Ancient Protector
02:53 Ancient Protector
03:29 Ancient Protector
07:38 Altar of Elders
08:03 Moon Well
09:28 Moon Well
10:45 Ancient Protector
11:42 Moon Well
12:06 Ancient of Wonders
12:10 Ancient Protector
13:08 Ancient Protector
15:29 Altar of Elders
16:15 Tree of Ages
18:11 Ancient Protector
18:15 Ancient Protector
18:22 Ancient Protector
18:25 Ancient Protector
19:35 Ancient of Lore
19:40 Ancient of Lore
21:04 Tree of Eternity
22:06 Moon Well
22:08 Moon Well
» items
| Staff of Teleportation | 1 | |
| Potion of Lesser Invulnerability | 2 | |
| Scroll of Town Portal | 2 | |
| Potion of Healing | 1 | |
6 total
team 2 (loser)
hat1 (
green | 31 APM | 690 actions | 22:33)
4 Dark Ranger
2 Black Arrow
2 Life Drain
» actions
| Build / train | 58 | |
| Enter build submenu | 13 | |
| Enter hero's abilities submenu | 4 | |
| Right click | 374 | |
| Select / deselect | 225 | |
| Use ability | 16 | |
690 total
» units
| Peon | 5 | |
| Grunt | 7 | |
| Wind Rider | 22 | |
| Shaman | 4 | |
| Troll Headhunter/Berserker | 1 | |
| Raider | 8 | |
47 total
» upgrades
| Armor | 2 | |
| Ranged Weapons | 1 | |
| Melee Weapons | 1 | |
4 total
» buildings
| Altar of Storms | 1 | |
| Barracks | 1 | |
| War Mill | 1 | |
| Orc Burrow | 7 | |
| Stronghold | 1 | |
| Beastiary | 1 | |
| Spirit Lodge | 1 | |
| Fortress | 1 | |
14 total
» build order
00:21 Altar of Storms
00:34 Barracks
01:20 War Mill
01:42 Orc Burrow
02:28 Orc Burrow
03:24 Orc Burrow
04:13 Stronghold
04:24 Orc Burrow
06:36 Beastiary
06:43 Spirit Lodge
10:16 Orc Burrow
10:47 Orc Burrow
11:59 Orc Burrow
20:25 Fortress

»
Ryao (
purple | 23 APM | 538 actions | 23:10)
3 Demon Hunter
1 Immolation
2 Evasion
» actions
| Build / train | 50 | |
| Enter build submenu | 21 | |
| Enter hero's abilities submenu | 3 | |
| Right click | 172 | |
| Select / deselect | 241 | |
| Use ability | 51 | |
538 total
» units
| Wisp | 16 | |
| Archer | 4 | |
| Huntress | 9 | |
| Dryad | 10 | |
| Mountain Giant | 1 | |
40 total
» upgrades
| Abolish Magic | 1 | |
| Strength of the Wild | 1 | |
2 total
» buildings
| Moon Well | 7 | |
| Altar of Elders | 1 | |
| Ancient of War | 2 | |
| Hunter's Hall | 1 | |
| Ancient of Wonders | 1 | |
| Tree of Ages | 1 | |
| Ancient Protector | 5 | |
| Ancient of Lore | 2 | |
| Tree of Eternity | 1 | |
| Ancient of Wind | 1 | |
22 total
» build order
00:21 Moon Well
00:36 Altar of Elders
00:50 Ancient of War
01:41 Moon Well
02:16 Hunter's Hall
02:43 Ancient of War
02:55 Ancient of Wonders
05:31 Tree of Ages
05:39 Moon Well
06:20 Moon Well
07:25 Moon Well
07:30 Ancient Protector
08:27 Ancient of Lore
10:46 Ancient of Lore
12:37 Tree of Eternity
14:49 Ancient Protector
14:51 Ancient Protector
17:49 Moon Well
17:58 Moon Well
19:53 Ancient Protector
20:01 Ancient Protector
21:51 Ancient of Wind
» items
| Dust of Appearance | 1 | |
| Scroll of Town Portal | 1 | |
2 total

»
vili (
teal | 21 APM | 530 actions | 24:45)
5 Blademaster
3 Wind Walk
2 Critical Strike
» actions
| Assign group hotkey | 9 | |
| Basic commands | 12 | |
| Build / train | 44 | |
| Enter build submenu | 14 | |
| Enter hero's abilities submenu | 6 | |
| Right click | 200 | |
| Select / deselect | 191 | |
| Select group hotkey | 16 | |
| Use ability | 38 | |
530 total
» units
» upgrades
| Armor | 2 | |
| Ranged Weapons | 2 | |
| Envenomed Spears | 1 | |
5 total
» buildings
| Altar of Storms | 1 | |
| Orc Burrow | 10 | |
| War Mill | 1 | |
| Voodoo Lounge | 1 | |
| Stronghold | 1 | |
| Fortress | 1 | |
| Beastiary | 2 | |
| Great Hall | 1 | |
18 total
» build order
00:11 Altar of Storms
00:16 Orc Burrow
01:32 War Mill
01:38 Orc Burrow
02:34 Orc Burrow
03:38 Voodoo Lounge
03:39 Stronghold
05:12 Orc Burrow
06:23 Fortress
06:26 Beastiary
07:44 Beastiary
08:57 Orc Burrow
08:59 Orc Burrow
08:59 Orc Burrow
12:19 Orc Burrow
12:21 Orc Burrow
12:22 Orc Burrow
16:38 Great Hall
» items
| Healing Salve | 1 | |
| Lesser Clarity Potion | 1 | |
| Orb of Lightning | 1 | |
3 total
MaxDestructioN (
yellow | 12 APM | 267 actions | 23:11)
1 Keeper of the Grove
1 Entangling Roots
» actions
| Build / train | 23 | |
| Enter build submenu | 9 | |
| Enter hero's abilities submenu | 2 | |
| Remove unit from queue | 1 | |
| Right click | 93 | |
| Select / deselect | 125 | |
| Use ability | 14 | |
267 total
» units
» upgrades
| Strength of the Moon | 1 | |
| Moon Armor | 0 | |
1 total
» buildings
| Hunter's Hall | 1 | |
| Altar of Elders | 1 | |
| Moon Well | 3 | |
| Ancient of War | 1 | |
| Ancient of Wonders | 1 | |
| Tree of Ages | 1 | |
8 total
» build order
00:25 Hunter's Hall
00:55 Altar of Elders
01:35 Moon Well
01:59 Ancient of War
03:38 Moon Well
04:08 Moon Well
05:09 Ancient of Wonders
05:38 Tree of Ages
Chat log
(00:27 / Allies) RickyRosada: lol three night elves
(00:33 / Allies) RODRIGO_BORGIA: nope
(00:34 / Allies) RODRIGO_BORGIA: 4
(00:38 / Allies) xes: archer rush lol
(00:39 / Allies) RODRIGO_BORGIA: oh they have 3?
(00:39 / Allies) RickyRosada: oh that too
(01:03 / Allies) RickyRosada: so whats the plan
(01:06 / Allies) RODRIGO_BORGIA: towering
(01:20 / Allies) xes: rush here
(01:26 / Allies) RODRIGO_BORGIA: i eat through tree then root
(01:36 / Allies) RickyRosada: i got potm
(01:44 / Allies) xes: same
(01:46 / Allies) RODRIGO_BORGIA: am i laggin?
(01:52 / Allies) officespace: no
(01:54 / Allies) RODRIGO_BORGIA: k good
(02:01 / Allies) RickyRosada: i'll go arch to hipps
(02:07 / Allies) officespace: u guys archers ill get hunt
(02:22 / Allies) xes: k
(02:24 / Allies) RODRIGO_BORGIA: just remember to back me up
(02:31 / Allies) xes: ill got dryad after then chims
(03:28 / Allies) xes: fuck
(04:06 / Allies) xes: thx
(04:15 / Allies) officespace: he may still be around
(04:35 / Allies) xes: ttp
(04:59 / Allies) xes: thats godd
(05:38 / Allies) officespace: back blue up everyone
(05:41 / Allies) xes: blocking u in
(06:20 / Allies) RODRIGO_BORGIA: AH
(07:45 / All) RODRIGO_BORGIA: HEH.
(08:00 / All) hat1: blue
(08:04 / All) RODRIGO_BORGIA: HI
(08:10 / All) hat1: if you guys leave i give you a cookie?
(08:19 / All) RODRIGO_BORGIA: NAH
(08:22 / All) MaxDestructioN: lol
(08:24 / All) RODRIGO_BORGIA: I GOTTA WATCH WHAT IM EATING
(08:35 / All) RODRIGO_BORGIA: TOO MUCH OF THAT SHITS BAD FOR YOUR HEALTH
(08:42 / All) hat1: turn off caps please your look like a asshole
(08:49 / All) RODRIGO_BORGIA: Y
(08:50 / Allies) xes: next or moving towers over
(09:22 / All) RODRIGO_BORGIA: How bout I make a hero?
(09:27 / All) vili: Hey blue
(09:30 / All) RODRIGO_BORGIA: yo
(10:22 / Allies) RODRIGO_BORGIA: ILL SAVE YOU PIN
(10:24 / Allies) RODRIGO_BORGIA: K
(10:31 / Allies) xes: thx
(10:38 / Allies) RODRIGO_BORGIA: NP
(11:22 / All) RODRIGO_BORGIA: can one of you on the other team upload a replay of this to highper.ch
(11:25 / All) RODRIGO_BORGIA: I wanna see your guys chat log
(11:45 / All) RODRIGO_BORGIA: pleeeeeeeeeeeeeeeeeeeeeeeeeeeeeeeease?
(11:47 / All) hat1: can you not be a faggot?
(11:48 / All) vili: It was this "OMG THAT BLUE GUY IS GOD"
(11:52 / All) RODRIGO_BORGIA: LOL
(11:54 / All) RODRIGO_BORGIA: K
(12:15 / All) hat1: blue
(12:17 / All) RODRIGO_BORGIA: I was just curious is all
(12:24 / All) RODRIGO_BORGIA: I haven't done this thing before
(12:28 / Allies) officespace: anyone got wood?
(12:31 / All) RODRIGO_BORGIA: HELP
(12:40 / Allies) xes: tp
(12:42 / Allies) RODRIGO_BORGIA: pleas
(12:45 / All) MaxDestructioN: haha
(13:01 / Allies) xes: shit
(13:10 / Allies) xes: tp back 2 me hurry
(13:18 / All) MaxDestructioN: Lol all night elfs
(13:33 / All) RODRIGO_BORGIA: This is a big ass night elf battle, with some green guy thrown in
(13:35 / All) hat1: blue were ass fucking your ass
(13:41 / All) RODRIGO_BORGIA: K
(13:45 / All) RODRIGO_BORGIA: PINK
(13:46 / All) RODRIGO_BORGIA: DID YOU KNOW
(13:49 / All) RODRIGO_BORGIA: THAT YOU CAN AIM YOUR TP?
(13:51 / Allies) xes: stuck
(13:55 / All) vili: He did not
(13:58 / All) RODRIGO_BORGIA: I BET YOU DIDN'T
(14:05 / All) RODRIGO_BORGIA: IT'S A USEFUL THING TO KNOW
(14:34 / Allies) xes: cant get out
(14:49 / Allies) RODRIGO_BORGIA: why didn't you aim your tp then?
(15:07 / Allies) xes: aim it where i tryed thats where it put me
(15:16 / Allies) officespace: oj
(15:22 / Allies) RODRIGO_BORGIA: you couldn't target it near the shop or soemthing?
(15:37 / Allies) RODRIGO_BORGIA: no tp oj?
(15:38 / Allies) RODRIGO_BORGIA: wtf?
(15:39 / Allies) RODRIGO_BORGIA: man
(15:40 / Allies) RODRIGO_BORGIA: wtF?
(15:52 / Allies) RickyRosada: don't have it
(15:57 / Allies) RODRIGO_BORGIA: thats what' i'm saying
(15:58 / Allies) RODRIGO_BORGIA: why not?
(16:00 / Allies) xes: for new alter
(16:04 / Allies) RODRIGO_BORGIA: ty
(16:10 / Allies) xes: buy me a tp
(16:19 / Allies) RODRIGO_BORGIA: don't got t2 yet
(16:34 / Allies) xes: by the way im fucked
(17:03 / Allies) officespace: we're fine
(17:07 / Allies) officespace: we stay together
(17:11 / Allies) xes: i know im fucked
(17:14 / Allies) officespace: ty blue
(17:17 / Allies) RODRIGO_BORGIA: np
(17:49 / All) MaxDestructioN: R U READY TO ATTACK?
(17:52 / All) RODRIGO_BORGIA: NO
(17:58 / All) MaxDestructioN: OK
(18:41 / Allies) officespace: we rdy?
(19:05 / Allies) xes: get his air
(19:26 / Allies) RODRIGO_BORGIA: WE GOT THSI
(19:31 / Allies) xes: yeah
(19:47 / Allies) RODRIGO_BORGIA: Counter
(19:49 / Allies) RickyRosada: yep just got starfall thats game
(20:05 / Allies) xes: about to get star fall sickkk
(20:57 / Allies) RODRIGO_BORGIA: YO LEST DO THIS
(21:10 / All) RODRIGO_BORGIA: Good Game.
(21:17 / All) vili: Very
(21:21 / Allies) xes: nice star fall about to get mine art next base
(21:27 / Allies) xes: got it
(22:35 / Allies) xes: tell me when to use it
(22:41 / Allies) RODRIGO_BORGIA: LOL
(22:47 / Allies) RickyRosada: charge into the middle
(22:54 / Allies) RODRIGO_BORGIA: HAHA
(23:04 / All) xes: ahahahahahahah
(23:45 / All) vili: lols
(23:47 / Allies) xes: that was fun
(23:51 / Allies) RODRIGO_BORGIA: YES
(23:52 / Allies) RODRIGO_BORGIA: l
(23:54 / All) RODRIGO_BORGIA: lols
(23:59 / All) RODRIGO_BORGIA: GREEN
(24:01 / All) RODRIGO_BORGIA: KILLING UR OWN BASE
(24:02 / All) RODRIGO_BORGIA: AHAHAHA
(24:07 / All) vili: No
(24:09 / All) vili: I am
(24:11 / All) RODRIGO_BORGIA: oh
(24:14 / All) RODRIGO_BORGIA: cool
(24:20 / All) vili: yep